 Dungeon Crawl Stone Soup version 0.27-a0-773-gaaee5cf45b (webtiles) character file.

Game seed: 9295017272544749025

5747 robertstho the Thaumaturge (level 10, -3/70 HPs)
             Began as a Djinni Fire Elementalist on Mar 25, 2021.
             Was an Initiate of Gozag.
             Slain by a two-headed ogre
             ... wielding a +0 giant club
              (7 damage)
             ... on level 9 of the Dungeon.
             The game lasted 00:22:41 (11626 turns).

robertstho the Thaumaturge (DjFE)                  Turns: 11626, Time: 00:22:41

Health: -3/70      AC:  4    Str:  7    XL:     10   Next: 77%
Gold:   658        EV: 16    Int: 24    God:    Gozag SH:  0 Dex: 20

rFire    + + .     SeeInvis .   c - +12 great sword "Wehe" {vorpal, Int+4}
rCold    x . .     Faith    .   (shield currently unavailable)
rNeg     . . .     Spirit   .   a - +0 robe
rPois    ∞         Reflect  .   i - +0 helmet
rElec    .         Harm     .   m - +0 cloak {Stlth+}
rCorr    +         Rampage  .   (no gloves)
Will     +....                  (boots unavailable)
Stlth    ++........             (no amulet)
HPRegen  0.21/turn              p - ring of resist corrosion
MPRegen  0.00/turn              q - +6 ring of dexterity

@: confused, ambrosia-drunk, flying
A: fire resistance 2, cold vulnerability 1, float, innate caster, hp casting,
extra vitality 1
a: Renounce Religion, Potion Petition, Call Merchant, Bribe Branch


You were on level 9 of the Dungeon.
You worshipped Gozag.
Gozag was pleased with you.
You visited 1 branch of the dungeon, and saw 9 of its levels.

You collected 1592 gold pieces.
You spent 908 gold pieces at shops.
You paid 26 gold pieces to Gozag.

Inventory:

Hand Weapons
 b - a +0 spear of freezing
 c - the +12 great sword "Wehe" (weapon) {vorpal, Int+4}
   (You bought it in a shop on level 1 of the Dungeon)

   It inflicts extra damage upon your enemies.
   It affects your intelligence (+4).
 n - a +4 quarterstaff of chaos
 o - a +0 mace of protection
Armour
 a - a +0 robe (worn)
 i - a +0 helmet (worn)
 m - a +0 cloak of stealth (worn)
Jewellery
 p - a ring of resist corrosion (right hand)
 q - a +6 ring of dexterity (left hand)
 z - a ring of magical power
Wands
 j - a wand of flame (18)
 k - a wand of acid (4)
 C - a wand of iceblast (11)
Scrolls
 f - 2 scrolls of teleportation
 s - 3 scrolls of fog
 t - a scroll of summoning
 u - a scroll of holy word
 v - a scroll of magic mapping
 x - a scroll of torment
 y - a scroll of immolation
 A - a scroll of enchant weapon
 B - 3 scrolls of identify
Potions
 d - a potion of haste {unknown}
 e - 2 potions of lignification {unknown}
 g - 3 potions of heal wounds {unknown}
 h - a potion of brilliance {unknown}
 l - a potion of ambrosia
 r - a potion of berserk rage {unknown}
 w - a potion of cancellation {unknown}
 D - a potion of attraction {unknown}


   Skills:
 * Level 5.1 Fighting
 + Level 2.8 Long Blades
 + Level 0.6 Polearms
 * Level 6.1 Dodging
 - Level 1.5 Stealth
 * Level 11.5 Spellcasting


You had 6 spell levels left.
You knew the following spells:

 Your Spells              Type           Power      Damage    Failure   Level
a - Foxfire               Conj/Fire      100%       2x1d9     1%          1
b - Conjure Flame         Conj/Fire      62%        6-21      1%          3
c - Inner Flame           Hex/Fire       62%        N/A       1%          3
d - Sticky Flame          Conj/Fire      62%        2d8       1%          4
e - Fireball              Conj/Fire      31%        3d13      1%          5
f - Corona                Hex            68%        N/A       1%          1
g - Ensorcelled Hibernat  Hex/Ice        100%       N/A       1%          2
h - Tukima's Dance        Hex            62%        N/A       1%          3
i - Summon Lightning Spi  Summ/Air       62%        N/A       1%          4
Your spell library was empty.

Dungeon Overview and Level Annotations

Branches:
Dungeon (9/15)             Temple (0/1) D:7            Lair (0/6) D:9
    Orc: D:9-12

Altars:
Dithmenos
Elyvilon
Gozag
Kikubaaqudgha
Makhleb
Nemelex Xobeh
Okawaru
Trog
Yredelemnul

Shops:
D:1 (*   D:5 ?

Portals:
Abyss: D:7

Annotations:
D:7 need digging for double sword, 2 transporters, Terrapin's ghost, novice DjWn


Innate Abilities, Weirdness & Mutations

You are immune to poison.
Your flesh is very heat resistant. (rF++)
You are vulnerable to cold. (rC-)
You float through the air rather than walking.
You learn spells naturally, not from books.
Your magical power is your life essence.
You have superior vitality. (+4 HP)


Message History

The fire dragon breathes flames at your lightning spire.
The blast of flame hits your lightning spire.
Your lightning spire resists.
The blast of flame hits you!! You resist.
Your lightning spire shoots out a bolt of lightning at the fire dragon!
The bolt of electricity hits the fire dragon!
Casting: Summon Lightning Spire (safe; 1% risk of failure)
Confirm with . or Enter, or press ? or * to list all spells.
Aiming: Fireball (dangerous; 1% risk of failure)
Press: ? - help, Shift-Dir - straight line, f - two-headed ogre
Aim: a two-headed ogre, wielding two +0 giant clubs The fireball explodes!
The fireball engulfs the two-headed ogre!!
The two-headed ogre is heavily wounded.
The fire dragon bites your lightning spire!
Your lightning spire is destroyed!
Casting: Fireball (dangerous; 1% risk of failure)
Confirm with . or Enter, or press ? or * to list all spells.
Aiming: Fireball (dangerous; 1% risk of failure)
Press: ? - help, Shift-Dir - straight line, f/p - two-headed ogre
Aim: a two-headed ogre, wielding two +0 giant clubs (heavily wounded)
The fireball explodes!
The fireball engulfs the two-headed ogre!!
The two-headed ogre is almost dead.
Unknown command.
Casting: Fireball (dangerous; 1% risk of failure)
Confirm with . or Enter, or press ? or * to list all spells.
An electric hum fills the air.
The fire dragon breathes flames at you. The blast of flame misses you.
Unknown command.
The two-headed ogre hits you with a +0 giant club!!
* * * LOW HITPOINT WARNING * * *
The two-headed ogre hits you with a +0 giant club.
* * * LOW HITPOINT WARNING * * *
You are confused.
You feel invigorated.
The two-headed ogre hits you with a +0 giant club!
You die...
Your body crumbles into a pile of gold.

##.#.# #.<#.# #
#.##.# #.##.##.#
#.......#
####.#########
#.##......##
#.##......(#####.
#.##....@O.......
#...........##.#
####..#.....##.#.#
#..###D8......#
#........##.###
#...........#
#...≈≈§§........
##.≈§≈§§§$.####.
#.§§≈.§§≈.#


You could see a fire dragon, a two-headed ogre (ally target) and a friendly
lightning spire (summoned).

Vanquished Creatures
  Pikel (D:4)
  Grinder (D:5)
  10 yaks
  Grum (D:8)
  Edmund (D:5)
  An acid dragon (D:7)
  An ice beast (D:5)
  An orc warrior (D:6)
  A black bear (D:5)
  2 sky beasts (D:7)
  4 necrophages
  An ogre (D:5)
  3 wolves (D:8)
  2 lemures (D:3)
  2 centaurs
  2 bullfrogs (D:8)
  A gnoll sergeant (D:6)
  2 scorpions
  A water moccasin skeleton (D:5)
  11 killer bees (D:8)
  9 wights
  A centaur zombie (D:7)
  2 hounds (D:3)
  A gnoll shaman (D:4)
  2 jellies (D:5)
  Crazy Yiuf (D:3)
  A bullfrog skeleton (D:6)
  2 orc priests
  2 iguanas (D:7)
  Jessica (D:2)
  3 orc wizards
  Natasha (thrice) (D:2)
  A howler monkey zombie (D:6)
  8 gnolls (D:4)
  7 adders
  A shadow imp (D:5)
  A white imp (D:7)
  2 dart slugs
  26 orcs
  9 endoplasms
  5 giant cockroaches
  5 goblins
  9 hobgoblins
  10 jackals
  4 quokkas
  8 ball pythons
  4 bats
  3 frilled lizards (D:1)
  11 kobolds
  7 rats
  A spectral orc (D:3)
199 creatures vanquished.

Vanquished Creatures (collateral kills)
  2 foxfires (D:1)
2 creatures vanquished.

Vanquished Creatures (others)
  649 foxfires
  A plant (D:1)
  5 toadstools (D:1)
655 creatures vanquished.

Grand Total: 856 creatures vanquished

Notes
Turn   | Place    | Note
-------+----------+-------------------------------------------
     0 | D:1      | robertstho the Djinni Fire Elementalist began the quest for
                  | the Orb.
     0 | D:1      | Reached XP level 1. HP: 15/15 MP: 0/0
   270 | D:1      | Reached skill level 3 in Spellcasting
   270 | D:1      | Reached XP level 2. HP: 13/21 MP: 0/0
   698 | D:1      | Found Afeumm's Assorted Antiques.
   942 | D:1      | Reached XP level 3. HP: 7/26 MP: 0/0
   942 | D:1      | Learned a level 1 spell: Corona
  1214 | D:1      | Found Gyhyqaucs's Antique Weapon Shop.
  1865 | D:2      | Reached skill level 1 in Fighting
  1994 | D:2      | Reached XP level 4. HP: 30/32 MP: 0/0
  2061 | D:2      | Noticed Jessica
  2065 | D:2      | Killed Jessica
  2110 | D:2      | Reached skill level 4 in Spellcasting
  2145 | D:2      | Found an opulent altar of Gozag.
  2180 | D:2      | Became a worshipper of Gozag Ym Sagoz the Greedy
  2291 | D:2      | Noticed Natasha
  2297 | D:2      | Killed Natasha
  2298 | D:2      | Reached XP level 5. HP: 35/38 MP: 0/0
  2298 | D:2      | Learned a level 2 spell: Ensorcelled Hibernation
  2383 | D:2      | Noticed Natasha
  2392 | D:2      | Killed Natasha
  2573 | D:2      | Noticed Natasha
  2580 | D:2      | Killed Natasha
  2860 | D:1      | Bought a small lapis lazuli amulet for 105 gold pieces
  3213 | D:3      | Reached XP level 6. HP: 39/43 MP: 0/0
  3626 | D:3      | Reached skill level 5 in Spellcasting
  3879 | D:3      | Found a shadowy altar of Dithmenos.
  4290 | D:3      | Found a basalt altar of Yredelemnul.
  4351 | D:3      | Found a runed translucent door.
  4352 | D:3      | Noticed Crazy Yiuf
  4365 | D:3      | Killed Crazy Yiuf
  4804 | D:1      | Bought an iridescent great sword for 230 gold pieces
  4804 | D:1      | Identified the +12 great sword "Wehe" {vorpal, Int+4} (You
                  | bought it in a shop on level 1 of the Dungeon)
  5229 | D:4      | Reached XP level 7. HP: 44/49 MP: 0/0
  5229 | D:4      | Learned a level 3 spell: Tukima's Dance
  5230 | D:4      | Noticed Pikel
  5244 | D:4      | Killed Pikel
  5245 | D:4      | Reached skill level 1 in Long Blades
  5245 | D:4      | Reached skill level 6 in Spellcasting
  5245 | D:4      | Reached XP level 8. HP: 19/55 MP: 0/0
  5596 | D:4      | Reached skill level 7 in Spellcasting
  6046 | D:5      | Entered Level 5 of the Dungeon
  6330 | D:5      | Noticed Grinder
  6341 | D:5      | Killed Grinder
  6518 | D:5      | Reached skill level 8 in Spellcasting
  6893 | D:5      | Found Riot Osch's Magic Scroll Boutique.
  6899 | D:5      | Reached XP level 9. HP: 59/61 MP: 0/0
  6899 | D:5      | Learned a level 4 spell: Summon Lightning Spire
  6913 | D:5      | Bought a scroll of blinking for 97 gold pieces
  6913 | D:5      | Bought a scroll of fog for 26 gold pieces
  6913 | D:5      | Bought a scroll of summoning for 123 gold pieces
  6913 | D:5      | Bought a scroll of noise for 13 gold pieces
  6913 | D:5      | Bought a scroll of magic mapping for 45 gold pieces
  6913 | D:5      | Bought a scroll of identify for 26 gold pieces
  6913 | D:5      | Bought a scroll of identify for 26 gold pieces
  6913 | D:5      | Bought a scroll of torment for 97 gold pieces
  6963 | D:5      | Noticed Edmund
  6972 | D:5      | Killed Edmund
  7026 | D:5      | Found a bloodstained altar of Trog.
  7732 | D:6      | Reached skill level 9 in Spellcasting
  7845 | D:1      | Bought a long fluorescent wand for 84 gold pieces
  7845 | D:1      | Bought a bubbling green potion for 18 gold pieces
  7845 | D:1      | Bought a cyan potion for 18 gold pieces
  8240 | D:6      | Reached skill level 5 in Dodging
  8327 | D:6      | Found an iron altar of Okawaru.
  8474 | D:6      | Found a burning altar of Makhleb.
  8764 | D:7      | Found a white marble altar of Elyvilon.
  9128 | D:7      | Reached skill level 10 in Spellcasting
  9340 | D:7      | Found a bloodstained altar of Trog.
  9620 | D:7      | Reached XP level 10. HP: 58/69 MP: 0/0
  9685 | D:7      | Found a staircase to the Ecumenical Temple.
  9714 | D:7      | Found a transporter.
  9826 | D:7      | Found a one-way gate to the infinite horrors of the Abyss.
  9826 | D:7      | Noticed Terrapin's ghost (novice DjWn)
  9833 | D:7      | Found a transporter.
 10398 | D:8      | Reached skill level 11 in Spellcasting
 10669 | D:8      | Found a sparkling altar of Nemelex Xobeh.
 10777 | D:8      | Noticed Grum
 10780 | D:8      | Reached skill level 5 in Fighting
 10781 | D:8      | Killed Grum
 11607 | D:9      | Found a staircase to the Lair.
 11609 | D:9      | Noticed a fire dragon
 11621 | D:9      | Noticed a two-headed ogre
 11625 | D:9      | HP: 1/70 [two-headed ogre/+0 giant club (6)]
 11626 | D:9      | Slain by a two-headed ogre

Illustrated notes

Levels and vault maps discovered:
D:1:      ldierk_walled_garden, layout_loops_ring, serial_shops,
          nicolae_shop_waterfront, nicolae_shop_overgrown_old_shop, st_stairs_3,
          minmay_misc_feat_columns
D:2:      layout_basic, overflow_temple_1_default, minmay_octomino_e4,
          uniq_jessica, uniq_natasha
D:3:      minmay_chambers_of_twos, layout_rooms,
          nicolae_dithmenos_shadow_blocks, yredelemnul_forgotten_temple_becter,
          uniq_crazy_yiuf_cottage
D:4:      layout_gridville, nicolae_kikubaaqudgha_miasma_corner, uniq_pikel
D:5:      layout_basic, lemuel_coloured_pillars_altar, serial_shops, shop,
          uniq_grinder, uniq_edmund
D:6:      layout_cave_pods, old_standard_altar, basic_altar, sword_in_stone
D:7:      layout_basic, lemuel_crystal_altar,
          minmay_temple_entry_gardened_gates, gammafunk_ghost_abyssal_escape,
          trog_book
D:8:      layout_cave_pools, lemuel_doored_altar, uniq_grum
D:9:      layout_loops_cross, zin_angel, minmay_lair_entry_lava, serial_shops,
          shop, evilmike_minifort

Skill      XL: |  1  2  3  4  5  6  7  8  9 10 |
---------------+-------------------------------+-----
Spellcasting   | 3 4 5 6 8 10 11 | 11.5
Fighting       | 1 2 3 4 5 |  5.1
Dodging        | 3 4 5 6 |  6.1
Long Blades    | 1 2 |  2.8
Polearms       | |  0.6
Stealth        | |  1.5

Action                   |  1- 3 |  4- 6 |  7- 9 | 10-12 || total
-------------------------+-------+-------+-------+-------++-------
Melee: Spear             |    10 |     5 |       |       ||    15
       Great sword       |       |     4 |     4 |     1 ||     9
 Cast: Foxfire           |    67 |   143 |   170 |     1 ||   381
       Sticky Flame      |       |     2 |     8 |     5 ||    15
       Fireball          |       |       |    19 |    40 ||    59
       Summon Lightning  |       |       |       |     2 ||     2
       Conjure Flame     |       |       |       |     1 ||     1
  Use: Scroll            |     1 |     6 |     5 |       ||    12
       Potion            |       |       |     1 |     1 ||     2
Armor: Robe              |     6 |     4 |     4 |       ||    14
Dodge: Dodged            |    21 |    39 |    35 |     4 ||    99
       Rpst.: Great sword |       |     4 |     9 |     1 ||    14

Table legend: (Time is in decaauts)
 A = Elapsed time spent in this place.
 B = Non-inter-level travel time spent in this place.
 C = Inter-level travel time spent in this place.
 D = Time resting spent in this place.
 E = Time spent auto-exploring this place.
 F = Levels seen in this place.
 G = Mean time per level.
                   A        B        C        D        E       F      G
               +--------+--------+--------+--------+--------+-----+--------+
         Total |  11655 |  10770 |    885 |   1974 |   7465 |   9 | 1295.0 |
       Dungeon |  11655 |  10770 |    885 |   1974 |   7465 |   9 | 1295.0 |
               +--------+--------+--------+--------+--------+-----+--------+

Top non-repeatable levels by time:
     D:3: 2239 daAuts
     D:1: 2030 daAuts
     D:5: 1556 daAuts
     D:7: 1360 daAuts
     D:6: 1218 daAuts
     D:2: 1198 daAuts
     D:8: 1147 daAuts
     D:4: 808 daAuts
     D:9: 95 daAuts
